EL
SAN ANTONIO MISSIONS @ MISSISSIPPI BRAVES
06/29/2048
 
TOP OF THE 1ST
San Antonio Missions batting - Pitching for Mississippi Braves : RHP Andy Kiefer
Pitching: RHP Andy Kiefer
Batting: RHB Dave McBain 0-0: SINGLE (Groundball, 6MD, EV 97.5 MPH)
Batting: RHB Freddie Brown 0-0: Ball
1-0: Called Strike
Dave McBain is caught stealing 2nd base 2-4
1-1: Foul Ball, location: 2F
1-2: Fly out, F9 (Flyball, 89M, EV 87.5 MPH)
Batting: LHB Matt Patnaude 0-0: Fly out, F9 (Line Drive, 89S, EV 87.5 MPH)
Top of the 1st over - 0 runs, 1 hit, 0 errors, 0 left on base; San Antonio 0 - Mississippi 0
BOTTOM OF THE 1ST
Mississippi Braves batting - Pitching for San Antonio Missions : RHP Bill Jacobs
Pitching: RHP Bill Jacobs
Batting: LHB Sal Fernandez 0-0: Called Strike
0-1: Fly out, F7 (Flyball, 78M, EV 95.6 MPH)
Batting: RHB Hieronim Rutkowski 0-0: Called Strike
0-1: Foul Ball, location: 2F
0-2: Foul Ball, location: 2F
0-2: Ball
1-2: Foul Ball, location: 2F
1-2: SOLO HOME RUN (Flyball, 89XD, EV 97.5 MPH), Distance : 411 ft
Batting: LHB Art D'Ascenzo 0-0: Ball
1-0: Foul Ball, location: 2F
1-1: Swinging Strike
1-2: Foul Ball, location: 2F
1-2: Foul Ball, location: 2F
1-2: Ball
2-2: Ball
3-2: Fly out, F7 (Line Drive, 78M, EV 95.6 MPH)
Batting: RHB Yojiro Hayashi 0-0: Called Strike
0-1: Ball
1-1: Called Strike
1-2: Ball
2-2: Strikes out swinging
Bottom of the 1st over - 1 run, 1 hit, 0 errors, 0 left on base; San Antonio 0 - Mississippi 1
TOP OF THE 2ND
San Antonio Missions batting - Pitching for Mississippi Braves : RHP Andy Kiefer
Batting: RHB John Freeman 0-0: Ball
1-0: Ball
2-0: Ball
3-0: Called Strike
3-1: Called Strike
3-2: Fly out, F7 (Flyball, 7D, EV 88.8 MPH)
Batting: LHB Teko van de Sande 0-0: DOUBLE (Line Drive, 9LD, EV 107.5 MPH)
Batting: RHB Joe Weissman 0-0: Ball
1-0: Ground out 4-3 (Groundball, 4, EV 110.6 MPH)
Teko van de Sande to third
Batting: RHB Adrian Martinelli 0-0: Ball
1-0: Called Strike
1-1: Called Strike
1-2: Strikes out swinging
Top of the 2nd over - 0 runs, 1 hit, 0 errors, 1 left on base; San Antonio 0 - Mississippi 1
BOTTOM OF THE 2ND
Mississippi Braves batting - Pitching for San Antonio Missions : RHP Bill Jacobs
Batting: SHB Jose Melendez 0-0: Fly out, F7 (Flyball, 7LM, EV 83.8 MPH)
Batting: RHB Justin Reich 0-0: Called Strike
0-1: Called Strike
0-2: Ball
1-2: Foul Ball, location: 2F
1-2: Foul Ball, location: 2F
1-2: Ball
2-2: Foul Ball, location: 2F
2-2: Reached on error, E5 (Groundball, 5S, EV 70.6 MPH)
Batting: RHB Jordan Martin 0-0: Fielders Choice at 2nd, 6-4 (Groundball, 6, EV 98.8 MPH)
Batting: LHB Luis Cruz 0-0: Ball
Jordan Martin is caught stealing 2nd base 2-6
Bottom of the 2nd over - 0 runs, 0 hits, 1 error, 0 left on base; San Antonio 0 - Mississippi 1
TOP OF THE 3RD
San Antonio Missions batting - Pitching for Mississippi Braves : RHP Andy Kiefer
Batting: RHB David Aguilar 0-0: Ball
1-0: Foul Ball, location: 2F
1-1: Fly out, F8 (Flyball, 8RD, EV 97.5 MPH)
Batting: LHB Josh Slusarczyk 0-0: Called Strike
0-1: Ball
1-1: Swinging Strike
1-2: Ball
2-2: Ball
3-2: Strikes out swinging
Batting: RHB Dave McBain 0-0: Ball
1-0: Swinging Strike
1-1: Swinging Strike
1-2: Ball
2-2: Ball
3-2: Foul Ball, location: 2F
3-2: Fly out, F8 (Line Drive, 78M, EV 98.1 MPH)
Top of the 3rd over - 0 runs, 0 hits, 0 errors, 0 left on base; San Antonio 0 - Mississippi 1
BOTTOM OF THE 3RD
Mississippi Braves batting - Pitching for San Antonio Missions : RHP Bill Jacobs
Batting: LHB Luis Cruz 0-0: Ball
1-0: Foul Ball, location: 2F
1-1: Ball
2-1: Swinging Strike
2-2: Ball
3-2: Strikes out swinging
Batting: RHB Alex Velasquez 0-0: Ground out 5-3 (Groundball, 56S, EV 81.2 MPH)
Batting: LHB Sal Fernandez 0-0: Called Strike
0-1: Foul Ball, location: 2F
0-2: Ball
1-2: Foul Ball, location: 2F
1-2: Strikes out swinging
Bottom of the 3rd over - 0 runs, 0 hits, 0 errors, 0 left on base; San Antonio 0 - Mississippi 1
TOP OF THE 4TH
San Antonio Missions batting - Pitching for Mississippi Braves : RHP Andy Kiefer
Batting: RHB Freddie Brown 0-0: Called Strike
0-1: Ball
1-1: Ball
2-1: Ball
3-1: Foul Ball, location: 2F
3-2: Base on Balls
Batting: LHB Matt Patnaude 0-0: Called Strike
0-1: Ball
1-1: Ball
2-1: Ball
3-1: Base on Balls
Freddie Brown to second
Batting: RHB John Freeman 0-0: Swinging Strike
0-1: Ball
1-1: Ground out 5-3 (Groundball, 56S, EV 76.2 MPH)
Freddie Brown to third
Matt Patnaude to second
Batting: LHB Teko van de Sande 0-0: Ball
1-0: Ball
2-0: Called Strike
2-1: Ground out U3 (Groundball, 3, EV 77.5 MPH)
Batting: RHB Joe Weissman 0-0: Swinging Strike
0-1: Ball
1-1: Fly out, F8 (Line Drive, 8LD, EV 93.1 MPH)
Top of the 4th over - 0 runs, 0 hits, 0 errors, 2 left on base; San Antonio 0 - Mississippi 1
BOTTOM OF THE 4TH
Mississippi Braves batting - Pitching for San Antonio Missions : RHP Bill Jacobs
Batting: RHB Hieronim Rutkowski 0-0: Reached via error on a dropped throw from 1B, E1 (Groundball, 34, EV 101.2 MPH)
Batting: LHB Art D'Ascenzo 0-0: Ball
1-0: Called Strike
1-1: Ball
Hieronim Rutkowski steals 2nd, throwing error, E2
Hieronim Rutkowski to third
2-1: Foul Ball, location: 2F
2-2: Ball
3-2: Foul Ball, location: 2F
3-2: Foul Ball, location: 2F
3-2: Base on Balls
Batting: RHB Yojiro Hayashi 0-0: Ball
1-0: Called Strike
1-1: Foul Ball, location: 2F
1-2: Ball
2-2: Strikes out swinging
Batting: SHB Jose Melendez 0-0: Called Strike
0-1: Swinging Strike
0-2: SINGLE (Line Drive, 8LS, EV 95.6 MPH)
Hieronim Rutkowski scores
Art D'Ascenzo to second
Runner from 2nd tries for 3rd, SAFE, throw by CF made to third
Batting: RHB Justin Reich 0-0: Foul Ball, location: 2F
0-1: Ball
1-1: Called Strike
1-2: Grounds into double play, 5-4-3 (Groundball, 56, EV 100.0 MPH)
Bottom of the 4th over - 1 run, 1 hit, 2 errors, 1 left on base; San Antonio 0 - Mississippi 2
TOP OF THE 5TH
San Antonio Missions batting - Pitching for Mississippi Braves : RHP Andy Kiefer
Batting: RHB Adrian Martinelli 0-0: Foul Ball, location: 2F
0-1: Foul Ball, location: 2F
0-2: Ball
1-2: Strikes out swinging
Batting: RHB David Aguilar 0-0: Foul Ball, location: 2F
0-1: Ball
1-1: Ball
2-1: Ball
3-1: Swinging Strike
3-2: Strikes out swinging
Batting: LHB Josh Slusarczyk 0-0: Ball
1-0: Called Strike
1-1: Ball
2-1: Foul Ball, location: 2F
2-2: Strikes out swinging
Top of the 5th over - 0 runs, 0 hits, 0 errors, 0 left on base; San Antonio 0 - Mississippi 2
BOTTOM OF THE 5TH
Mississippi Braves batting - Pitching for San Antonio Missions : RHP Bill Jacobs
Batting: RHB Jordan Martin 0-0: DOUBLE (Groundball, 5L, EV 102.5 MPH)
Batting: LHB Luis Cruz 0-0: Called Strike
0-1: Ball
1-1: Foul Ball, location: 2F
1-2: Strikes out swinging
Batting: RHB Alex Velasquez 0-0: Called Strike
0-1: Ball
1-1: Called Strike
1-2: Ball
2-2: Foul Ball, location: 2F
2-2: Foul Ball, location: 2F
2-2: Ground out 4-3 (Groundball, 4M, EV 87.5 MPH)
Jordan Martin to third
Batting: LHB Sal Fernandez 0-0: Ground out 4-3 (Groundball, 4, EV 101.9 MPH)
Bottom of the 5th over - 0 runs, 1 hit, 0 errors, 1 left on base; San Antonio 0 - Mississippi 2
TOP OF THE 6TH
San Antonio Missions batting - Pitching for Mississippi Braves : RHP Andy Kiefer
Batting: RHB Dave McBain 0-0: TRIPLE (Line Drive, 9LD, EV 106.9 MPH)
Batting: RHB Freddie Brown 0-0: Ground out 6-3 (Groundball, 6, EV 100.6 MPH)
Batting: LHB Matt Patnaude 0-0: Ball
1-0: Foul Ball, location: 2F
1-1: DOUBLE (Line Drive, 7LM, EV 112.5 MPH)
Dave McBain scores
Pitching: RHP Nate Bixler
Batting: RHB John Freeman 0-0: Called Strike
0-1: Ball
1-1: Swinging Strike
1-2: Strikes out looking
Batting: LHB Teko van de Sande 0-0: Ball
1-0: Called Strike
1-1: Ball
2-1: Ball
3-1: Fly out, F6 (Line Drive, 6M, EV 91.2 MPH)
Top of the 6th over - 1 run, 2 hits, 0 errors, 1 left on base; San Antonio 1 - Mississippi 2
BOTTOM OF THE 6TH
Mississippi Braves batting - Pitching for San Antonio Missions : RHP Bill Jacobs
Batting: RHB Hieronim Rutkowski 0-0: Ball
1-0: Ball
2-0: Called Strike
2-1: Foul Ball, location: 2F
2-2: Foul Ball, location: 2F
2-2: Foul Ball, location: 2F
2-2: SINGLE (Line Drive, 34, EV 98.1 MPH)
Batting: LHB Art D'Ascenzo 0-0: Called Strike
0-1: Ball
1-1: Called Strike
Hieronim Rutkowski is caught stealing 2nd base 2-6
1-2: Ball
2-2: Strikes out swinging
Batting: RHB Yojiro Hayashi 0-0: Ground out 5-3 (Groundball, 5S, EV 80.6 MPH)
Bottom of the 6th over - 0 runs, 1 hit, 0 errors, 0 left on base; San Antonio 1 - Mississippi 2
TOP OF THE 7TH
San Antonio Missions batting - Pitching for Mississippi Braves : RHP Nate Bixler
Now at 1B: Hieronim Rutkowski
Now at 3B: Adrian Billups
Batting: RHB Joe Weissman 0-0: Ball
1-0: Called Strike
1-1: Ball
2-1: Swinging Strike
2-2: Ball
3-2: Ground out 6-3 (Groundball, 56, EV 103.8 MPH)
Batting: RHB Adrian Martinelli 0-0: Swinging Strike
0-1: Foul Ball, location: 2F
0-2: Ball
1-2: Strikes out swinging, 2-3 out at first.
Batting: RHB David Aguilar 0-0: Foul Ball, location: 2F
0-1: Foul Ball, location: 2F
0-2: Ball
1-2: Strikes out swinging
Top of the 7th over - 0 runs, 0 hits, 0 errors, 0 left on base; San Antonio 1 - Mississippi 2
BOTTOM OF THE 7TH
Mississippi Braves batting - Pitching for San Antonio Missions : RHP Bill Jacobs
Batting: SHB Jose Melendez 0-0: Swinging Strike
0-1: SINGLE (Line Drive, 78S, EV 110.6 MPH)
Batting: RHB Justin Reich 0-0: Called Strike
Jose Melendez steals 2nd, throwing error, E2
Jose Melendez to third
0-1: Ball
1-1: Foul Ball, location: 2F
1-2: Foul Ball, location: 2F
1-2: Ground out U3 (Groundball, 3S, EV 92.5 MPH)
Pitching: RHP Tony Delgado
Batting: RHB Adrian Billups Squeeze bunt is on, Jose Melendez is out
0-1: Called Strike
0-2: Ball
1-2: Ground out 4-3 (Groundball, 4S, EV 95.6 MPH)
Bottom of the 7th over - 0 runs, 1 hit, 1 error, 0 left on base; San Antonio 1 - Mississippi 2
TOP OF THE 8TH
San Antonio Missions batting - Pitching for Mississippi Braves : RHP Nate Bixler
Pitching: RHP Omar Orosco
Batting: LHB Josh Slusarczyk 0-0: Ball
1-0: SOLO HOME RUN (Flyball, 9D, EV 100.6 MPH), Distance : 394 ft
Batting: RHB Dave McBain 0-0: Swinging Strike
0-1: Called Strike
0-2: Ball
1-2: Strikes out swinging, 2-3 out at first.
Batting: RHB Freddie Brown 0-0: Called Strike
0-1: Swinging Strike
0-2: Ball
1-2: Ball
2-2: Strikes out swinging
Batting: LHB Matt Patnaude 0-0: Swinging Strike
0-1: Ball
1-1: Ball
2-1: Fly out, F8 (Flyball, 8RS, EV 88.1 MPH)
Top of the 8th over - 1 run, 1 hit, 0 errors, 0 left on base; San Antonio 2 - Mississippi 2
BOTTOM OF THE 8TH
Mississippi Braves batting - Pitching for San Antonio Missions : RHP Tony Delgado
Batting: LHB Luis Cruz 0-0: Called Strike
0-1: Foul Ball, location: 2F
0-2: Ball
1-2: Strikes out swinging
Pinch Hitting: LHB Cesar Arteaga 0-0: Called Strike
0-1: Ball
1-1: Ground out 4-3 (Groundball, 4D, EV 107.5 MPH)
Batting: LHB Sal Fernandez 0-0: Ball
1-0: Foul Ball, location: 2F
1-1: Swinging Strike
1-2: Ground out 4-3 (Groundball, 4, EV 81.9 MPH)
Bottom of the 8th over - 0 runs, 0 hits, 0 errors, 0 left on base; San Antonio 2 - Mississippi 2
TOP OF THE 9TH
San Antonio Missions batting - Pitching for Mississippi Braves : RHP Omar Orosco
Pitching: RHP Brendan Graham
Now at 1B: Cesar Arteaga
Now at SS: Hieronim Rutkowski
Batting: RHB John Freeman 0-0: Ball
1-0: Called Strike
1-1: Ground out 6-3 (Groundball, 4MS, EV 86.2 MPH)
Batting: LHB Teko van de Sande 0-0: Called Strike
0-1: Called Strike
0-2: Ball
1-2: SINGLE (Groundball, 6S, EV 71.2 MPH) (infield hit)
Batting: RHB Joe Weissman 0-0: Swinging Strike
0-1: Ball
1-1: Swinging Strike
1-2: Ball
2-2: Strikes out looking
Batting: RHB Adrian Martinelli 0-0: Ball
Wild Pitch!
Teko van de Sande to second
1-0: Foul Ball, location: 2F
1-1: Ball
2-1: Foul Ball, location: 2F
2-2: Strikes out swinging
Top of the 9th over - 0 runs, 1 hit, 0 errors, 1 left on base; San Antonio 2 - Mississippi 2
BOTTOM OF THE 9TH
Mississippi Braves batting - Pitching for San Antonio Missions : RHP Tony Delgado
Pitching: RHP Colin Dorsey
Batting: RHB Hieronim Rutkowski 0-0: Ball
1-0: Foul Ball, location: 2F
1-1: Foul Ball, location: 2F
1-2: Ball
2-2: Ball
3-2: Foul Ball, location: 2F
3-2: Foul Ball, location: 2F
3-2: Base on Balls
Batting: LHB Art D'Ascenzo 0-0: Ball
1-0: Ball
2-0: Ball
3-0: Base on Balls
Hieronim Rutkowski to second
Batting: RHB Yojiro Hayashi 0-0: Ball
1-0: Foul Ball, location: 2F
1-1: Ball
2-1: Foul Ball, location: 2F
2-2: Ball
3-2: Strikes out looking
Batting: SHB Jose Melendez 0-0: Ball
1-0: Grounds into double play, 4-6-3 (Groundball, 4, EV 86.2 MPH)
Bottom of the 9th over - 0 runs, 0 hits, 0 errors, 1 left on base; San Antonio 2 - Mississippi 2
TOP OF THE 10TH
San Antonio Missions batting - Pitching for Mississippi Braves : RHP Brendan Graham
Batting: RHB David Aguilar 0-0: Ball
1-0: Foul Ball, location: 2F
1-1: Called Strike
1-2: Ball
2-2: Ball
3-2: Foul Ball, location: 2F
3-2: Foul Ball, location: 2F
3-2: Foul Ball, location: 2F
3-2: Strikes out looking
Batting: LHB Josh Slusarczyk 0-0: Ball
1-0: Foul Ball, location: 2F
1-1: Swinging Strike
1-2: Strikes out swinging
Pitching: RHP Damian Molina
Batting: RHB Dave McBain 0-0: Fly out, F3 (Popup, 3F, EV 66.2 MPH)
Top of the 10th over - 0 runs, 0 hits, 0 errors, 0 left on base; San Antonio 2 - Mississippi 2
BOTTOM OF THE 10TH
Mississippi Braves batting - Pitching for San Antonio Missions : RHP Colin Dorsey
Batting: RHB Justin Reich 0-0: Called Strike
0-1: Foul Ball, location: 2F
0-2: Ball
1-2: Foul Ball, location: 2F
1-2: Ball
2-2: SINGLE (Line Drive, 9S, EV 100.0 MPH)
Pitching: RHP Moby Cock
Batting: RHB Adrian Billups 0-0: Bunt missed!
0-1: Bunted foul
0-2: Ball
1-2: Foul Ball, location: 2F
1-2: Foul Ball, location: 2F
1-2: Ball
2-2: Strikes out swinging
Batting: LHB Luis Cruz 0-0: Ball
1-0: Fly out, F7 (Flyball, 78D, EV 101.9 MPH)
Batting: LHB Cesar Arteaga 0-0: Fly out, F3 (Popup, 34, EV 80.0 MPH)
Bottom of the 10th over - 0 runs, 1 hit, 0 errors, 1 left on base; San Antonio 2 - Mississippi 2
TOP OF THE 11TH
San Antonio Missions batting - Pitching for Mississippi Braves : RHP Damian Molina
Batting: RHB Freddie Brown 0-0: Ball
1-0: Foul Ball, location: 2F
1-1: Ball
2-1: Swinging Strike
2-2: Ball
3-2: Base on Balls
Batting: LHB Matt Patnaude 0-0: Foul Ball, location: 2F
0-1: Ball
1-1: Ball
2-1: Called Strike
2-2: Ball
3-2: Fly out, F9 (Flyball, 9, EV 80.0 MPH)
Batting: RHB John Freeman 0-0: Fly out, F8 (Flyball, 8RXD, EV 93.1 MPH)
Batting: LHB Teko van de Sande 0-0: Ball
Freddie Brown steals 2nd base
1-0: Ball
2-0: Ball
3-0: Base on Balls
Batting: RHB Joe Weissman 0-0: Swinging Strike
0-1: Ball
1-1: Swinging Strike
1-2: Fielders Choice at 2nd, 6-4 (Groundball, 56, EV 81.2 MPH)
Top of the 11th over - 0 runs, 0 hits, 0 errors, 2 left on base; San Antonio 2 - Mississippi 2
BOTTOM OF THE 11TH
Mississippi Braves batting - Pitching for San Antonio Missions : RHP Moby Cock
Batting: LHB Sal Fernandez 0-0: Foul Ball, location: 2F
0-1: Ball
1-1: Ball
2-1: Foul Ball, location: 2F
2-2: Strikes out swinging
Batting: RHB Hieronim Rutkowski 0-0: Foul Ball, location: 2F
0-1: Ball
1-1: Ball
2-1: Ball
3-1: Fly out, F4 (Flyball, 34D, EV 81.9 MPH)
Batting: LHB Art D'Ascenzo 0-0: Swinging Strike
0-1: Ball
1-1: Foul Ball, location: 2F
1-2: Foul Ball, location: 2F
1-2: SOLO HOME RUN (Flyball, 9D, EV 98.1 MPH), Distance : 383 ft
Bottom of the 11th over - 1 run, 1 hit, 0 errors, 0 left on base; San Antonio 2 - Mississippi 3
Tuesday, March 28th , 2023 - OOTP Baseball 23.10 Build 110